 Dungeon Crawl Stone Soup version 0.22-a0-126-g307c7c3 (webtiles) character file.

52 rb the Cudgeler (level 3, 0/31 HPs)
             Began as a Minotaur Berserker on Jan 31, 2018.
             Was a Believer of Trog.
             Succumbed to Darius099's ghost's poison
             ... on level 3 of the Dungeon.
             The game lasted 00:05:05 (1567 turns).

rb the Cudgeler (Minotaur Berserker)                Turns: 1567, Time: 00:05:05

Health: 0/31       AC:  7    Str: 21    XL:     3   Next: 60%
Magic:  2/2        EV: 10    Int:  4    God:    Trog [**....]
Gold:   133        SH:  0    Dex: 10    Spells: 2/2 levels left

rFire    . . .     SeeInvis .   a - +0 mace
rCold    . . .     Gourm    .   (no shield)
rNeg     . . .     Faith    .   k - +0 scale mail
rPois    .         Spirit   .   (helmet restricted)
rElec    .         Reflect  .   (no cloak)
rCorr    .         Harm     .   (no gloves)
MR       .....                  f - +0 pair of boots
Stlth    ..........             (no amulet)
HPRegen  0.10/turn              (no ring)
MPRegen  0.08/turn              (no ring)

@: lethally poisoned (0 -> -17)
A: retaliatory headbutt, horns 2
a: Berserk, Trog's Hand, Burn Spellbooks, Renounce Religion


You were on level 3 of the Dungeon.
You worshipped Trog.
Trog was pleased with you.
You were not hungry.

You visited 1 branch of the dungeon, and saw 3 of its levels.

You collected 133 gold pieces.

Inventory:

Hand Weapons
 a - a +0 mace (weapon)
Missiles
 d - 52 stones (quivered)
Armour
 b - a +0 animal skin
 f - a +0 pair of boots (worn)
 g - a +0 leather armour
 k - a +0 scale mail (worn)
 l - a +0 ring mail
Jewellery
 n - an uncursed ring of fire
Scrolls
 e - a scroll of remove curse
Potions
 h - a potion of degeneration {unknown}
 j - a potion of haste {unknown}
 m - a potion of heal wounds {unknown}
Comestibles
 c - 4 rations


   Skills:
 - Level 3.6 Fighting
 + Level 5.6 Maces & Flails
 - Level 2.4 Armour
 - Level 2.1 Dodging


You had 2 spell levels left.
You didn't know any spells.

Dungeon Overview and Level Annotations

Branches:
Dungeon (3/15)

Altars:

Annotations:
D:3 Darius099's ghost, novice HuWz


Innate Abilities, Weirdness & Mutations

You reflexively headbutt those who attack you in melee.
You have a pair of horns on your head.


Message History

You are too injured to fight recklessly!
You are too injured to fight recklessly!
You are too injured to fight recklessly!
You are too injured to fight recklessly!
You closely miss Darius099's ghost. Your headbutt misses Darius099's ghost.
Darius099's ghost is moderately damaged.
You feel sick. Darius099's ghost casts a spell at you. The magic dart hits you!
* * * LOW HITPOINT WARNING * * *
The iron imp hits you but does no damage.
You closely miss Darius099's ghost. Your headbutt misses Darius099's ghost.
Darius099's ghost is moderately damaged.
* * * LOW HITPOINT WARNING * * *
You feel sick.
Darius099's ghost gestures wildly while chanting.
The iron imp barely misses you.
You hit Darius099's ghost. Your headbutt misses Darius099's ghost.
Darius099's ghost is moderately damaged.
You die...

.# # #.# ..
#.##+#
...###+##..#.#
.........#.#.#
#######
......?..#...#
#......
......W.5##..#
#......
.......@.'.?.#
#......
.....#.5.##..#
#...... ...
#######.#
#....†. #
#.#####......
#............
#............
#>.?.........
#.........#.#
#.........#.#


You could see an iron imp, Darius099's ghost and a crimson imp.

Vanquished Creatures
  A worm (D:2)
  A dart slug (D:2)
  8 bats
  3 giant cockroaches (D:1)
  7 goblins
  4 hobgoblins
  9 jackals
  3 frilled lizards (D:2)
  5 kobolds
  2 rats
43 creatures vanquished.

Notes
Turn   | Place    | Note
-------+----------+-------------------------------------------
     0 | D:1      | rb the Minotaur Berserker began the quest for the Orb.
     0 | D:1      | Reached XP level 1. HP: 19/19 MP: 0/0
    70 | D:1      | Reached skill level 4 in Maces & Flails
   273 | D:1      | Reached XP level 2. HP: 25/26 MP: 1/1
   694 | D:1      | Reached skill level 5 in Maces & Flails
   722 | D:1      | Reached XP level 3. HP: 31/31 MP: 2/2
   886 | D:2      | Reached ** piety under Trog
  1552 | D:3      | Noticed Darius099's ghost (novice HuWz)
  1567 | D:3      | Succumbed to Darius099's ghost's poison

Vault maps used:
D:1:      dpeg_arrival_rhombi
D:2:      hangedman_decor_riveting
D:3:      xom_teletrap_fun, gup_sewer_entry_spiral, uniq_natasha

Skill      XL: |  1  2 |
---------------+-------+-----
Maces & Flails | 4 5 |  5.6
Fighting       | |  3.6
Armour         | |  2.4
Dodging        | |  2.1

Action                   || total
-------------------------++-------
Melee: Mace              ||    90
       Headbutt          ||     9
  Use: Scroll            ||     4
  Eat: Chunk             ||     2
Armor: Leather armour    ||     5
       Ring mail         ||     6
       Scale mail        ||    20
Dodge: Dodged            ||    63

Table legend:
 A = Spawn XP
 B = Non-spawn XP
 C = Spawn XP percentage of total XP
 D = Spawn monster count
 E = Non-spawn monster count
 F = Spawn count percentage of total count
 G = Total turns spent on level
                    A         B        C        D         E        F      G
               +---------+---------+-------+---------+---------+-------+---------
         Total |       0 |      75 |   0.0 |       0 |      43 |   0.0 |  1567
               +---------+---------+-------+---------+---------+-------+---------
           D:1 |       0 |      42 |   0.0 |       0 |      24 |   0.0 |   769
           D:2 |       0 |      30 |   0.0 |       0 |      17 |   0.0 |   731
           D:3 |       0 |       3 |   0.0 |       0 |       2 |   0.0 |    67
               +---------+---------+-------+---------+---------+-------+---------
